 Dungeon Crawl Stone Soup version 0.30-a0-135-g630cfc4551 (webtiles) character file.

Game seed: 7015627103011385496

285 Orsonium the Slasher (level 6, -1/50 HPs)
             Began as a Draconian Wanderer on Sept 20, 2022.
             Slain by jlumianski's ghost (6 damage)
             ... on level 3 of the Dungeon.
             The game lasted 00:09:59 (3107 turns).

Orsonium the Slasher (Draconian Wanderer)           Turns: 3107, Time: 00:10:00

Health: -1/50      AC: 11    Str: 16    XL:     6   Next: 7%
Magic:  7/7        EV: 12    Int:  8    God:
Gold:   180        SH: 10    Dex: 15    Spells: 7/7 levels left

rFire   . . .      SeeInvis .    a - +2 dagger (flame)
rCold   . . .      Faith    .    b - +0 buckler {AC+3}
rNeg    . . .      Spirit   .    (body armour unavailable)
rPois   .          Reflect  +    (helmet restricted)
rElec   .          Harm     .    c - +0 cloak
rCorr   .          Rampage  .    j - +0 pair of gloves
Will    .....                    (no boots)
Stlth   ++........               o - amulet of reflection
HPRegen 0.16/turn                (no ring)
MPRegen 0.10/turn                (no ring)

@: no status effects
A: AC +6, unfitting armour, cold-blooded
a: no special abilities


You were on level 3 of the Dungeon.
You visited 1 branch of the dungeon, and saw 3 of its levels.

You collected 180 gold pieces.

Inventory:

Hand Weapons
 a - a +2 dagger of flaming (weapon)
 g - a +3 dagger
Armour
 b - a +0 buckler of protection (worn)
 c - a +0 cloak (worn)
 j - a +0 pair of gloves (worn)
Jewellery
 o - an amulet of reflection (around neck)
Scrolls
 d - a scroll of vulnerability
 h - a scroll of torment {unknown}
 i - 4 scrolls of identify {unknown}
 l - a scroll of blinking {unknown}
 m - a scroll of summoning {unknown}
Potions
 e - a potion of mutation {unknown}
 f - a potion of degeneration {unknown}
 k - a potion of curing {unknown}
 n - a potion of heal wounds {unknown}


   Skills:
 + Level 2.8 Fighting
 + Level 2.1(3.6) Short Blades
 + Level 4.6(4.8) Long Blades
 + Level 2.8 Dodging
 + Level 1.5 Stealth
 + Level 2.8 Shields
 + Level 1.0 Spellcasting


You had 7 spell levels left.
You didn't know any spells.
Your spell library contained the following spells:

 Spells                   Type           Power      Damage    Failure   Level
 Alistair's Intoxication  Tmut/Pois      0%         N/A       100%        5
 Borgnjor's Vile Clutch   Necr/Erth      0%         N/A       100%        5
 Eringya's Noxious Bog    Tmut/Pois      0%         N/A       100%        6


Dungeon Overview and Level Annotations

Branches:
Dungeon (3/15)

Altars:

Shops:
D:1 (:*

Annotations:
D:3 jlumianski's ghost, amateur GrGl


Innate Abilities, Weirdness & Mutations

Your plain brown scales are hard. (AC +6)
You cannot fit into any form of body armour.
You are cold-blooded and may be slowed by cold attacks.


Message History

Found 12 gold pieces.
Jlumianski's ghost says, "Very impressive.
But it won't help.
Nothing will."
You open the gate.
Jlumianski's ghost says, "They lied to you.
The Dungeon just goes down and down forever."
The kobold brigand throws a poisoned dart.
The poisoned dart hits you!
You are poisoned.
You feel very sick.
Jlumianski's ghost mumbles, "They all look like pillowcases to me..."
You feel sick. Jlumianski's ghost hits you!
You feel sick.
You feel sick.
You feel sick.
You feel sick.
You feel sick.
Jlumianski's ghost attacks as you move away!
Jlumianski's ghost closely misses you.
You feel sick.
Jlumianski's ghost says, "Try not to bleed too much."
You feel sick.
You are no longer poisoned.
You hit jlumianski's ghost but do no damage.
Jlumianski's ghost hits you!
You hit jlumianski's ghost but do no damage.
Your tail-slap misses jlumianski's ghost.
You block jlumianski's ghost's attack.
You closely miss jlumianski's ghost.
Your tail-slap misses jlumianski's ghost.
You block jlumianski's ghost's attack.
You hit jlumianski's ghost but do no damage.
You block jlumianski's ghost's attack.
You closely miss jlumianski's ghost. Jlumianski's ghost hits you!
* * * LOW HITPOINT WARNING * * *
You barely miss jlumianski's ghost. Jlumianski's ghost closely misses you.
You hit jlumianski's ghost but do no damage.
Jlumianski's ghost hits you.
* * * LOW HITPOINT WARNING * * *
You hit jlumianski's ghost but do no damage.
You closely miss jlumianski's ghost. Jlumianski's ghost closely misses you.
You barely miss jlumianski's ghost. Jlumianski's ghost hits you.
You die...

.##.#...##.# #P.#.#.P#
.##.#.####.# #. #⌠.#.#.⌠#
(##.#.# #.# #.# #P.#.#.P#
.##.#.####.###.# ###.....###
.##.#........#.# #.##'''##.#
.##.######.###.# #...KK....#
.##.##########.# ####.K######
...>...........#########.##.....
................@WKKK.....'.....
......#....###.####K......#.....
......#.........###.......# ....
#######..........##.......# ...
# ####........#.......# ## #
#......#.#.......# #
#......#.#.......# # #......#
........# # #......# ........#


You could see a kobold brigand, jlumianski's ghost and 3 kobolds.

Vanquished Creatures
  Sigmund (D:2)
  Natasha (twice) (D:2)
  An adder (D:2)
  2 worms (D:2)
  4 dart slugs
  A ball python (D:1)
  6 bats
  5 endoplasms
  2 giant cockroaches
  5 goblins
  5 hobgoblins
  7 jackals
  A quokka (D:1)
  5 frilled lizards
  4 kobolds
  6 rats
57 creatures vanquished.

Notes
Turn   | Place    | Note
-------+----------+-------------------------------------------
     0 | D:1      | Orsonium the Draconian Wanderer began the quest for the
                  | Orb.
     0 | D:1      | Orsonium set off with the following items: a +0 falchion, a
                  | +0 buckler of protection, a +0 cloak, a scroll of
                  | vulnerability.
     0 | D:1      | Reached XP level 1. HP: 17/17 MP: 2/2
   127 | D:1      | Reached XP level 2. HP: 24/24 MP: 3/3
   248 | D:1      | Found Ossuza's Book Emporium.
   438 | D:1      | Found Axeoc's Antique Weapon Emporium.
   613 | D:1      | Found Wethi's Assorted Antiques.
   979 | D:1      | Reached XP level 3. HP: 29/29 MP: 4/4
  1364 | D:1      | Found a faded altar of an unknown god.
  1569 | D:2      | Reached skill level 4 in Long Blades
  1734 | D:2      | Noticed Natasha
  1741 | D:2      | Killed Natasha
  1742 | D:2      | Reached XP level 4. HP: 31/37 MP: 5/5
  2075 | D:2      | Noticed Sigmund
  2095 | D:2      | Killed Sigmund
  2096 | D:2      | Reached skill level 1 in Stealth
  2096 | D:2      | Reached XP level 5. HP: 38/44 MP: 6/6
  2400 | D:2      | Noticed Natasha
  2408 | D:2      | Killed Natasha
  2409 | D:2      | Reached XP level 6. HP: 50/50 MP: 7/7
  3077 | D:3      | Found a runed translucent gate.
  3077 | D:3      | Found a runed translucent gate.
  3077 | D:3      | Found a runed translucent gate.
  3077 | D:3      | Noticed jlumianski's ghost (amateur GrGl)
  3107 | D:3      | Slain by jlumianski's ghost

Illustrated notes

Levels and vault maps discovered:
D:1:      dreamdust_arrival_beginning_and_end, layout_loops_ring,
          hellmonk_ecumenical_altar_prayer_group, serial_shops, shop, shop,
          nicolae_square_shop
D:2:      layout_basic, uniq_sigmund, uniq_natasha
D:3:      layout_basic, gammafunk_ghost_nasty_kobolds, uniq_ijyb

Skill      XL: |  1  2  3  4 |
---------------+-------------+-----
Long Blades    | 4 |  4.6
Dodging        | 2 |  2.8
Short Blades   | 2 |  2.1
Stealth        | 1 |  1.5
Fighting       | |  2.8
Shields        | |  2.8
Spellcasting   | |  1.0

Action                   |  1- 3 |  4- 6 || total
-------------------------+-------+-------++-------
Melee: Falchion          |    41 |       ||    41
       Tailslap          |    10 |     8 ||    18
       Dagger            |    91 |    82 ||   173
 Stab: Sleeping          |     2 |     1 ||     3
Armor: Skin              |    60 |    10 ||    70
Dodge: Dodged            |    88 |    23 ||   111
Block: Buckler           |    22 |    25 ||    47

Table legend: (Time is in decaauts)
 A = Elapsed time spent in this place.
 B = Non-inter-level travel time spent in this place.
 C = Inter-level travel time spent in this place.
 D = Time resting spent in this place.
 E = Time spent auto-exploring this place.
 F = Levels seen in this place.
 G = Mean time per level.
                   A        B        C        D        E       F      G
               +--------+--------+--------+--------+--------+-----+--------+
         Total |   3105 |   3020 |     85 |    691 |   1168 |   3 | 1035.0 |
       Dungeon |   3105 |   3020 |     85 |    691 |   1168 |   3 | 1035.0 |
               +--------+--------+--------+--------+--------+-----+--------+

Top non-repeatable levels by time:
     D:1: 1438 daAuts
     D:2: 1167 daAuts
     D:3: 499 daAuts
